 Dungeon Crawl Stone Soup version 0.28.0 (webtiles) character file.

Game seed: 4294911437678265391

16772 avis the Martial Artist (level 12, -20/90 (104) HPs)
             Began as an Octopode Transmuter on Feb 12, 2022.
             Was an Initiate of Gozag.
             Demolished by Rupert (28 damage)
             ... on level 2 of the Lair of Beasts on Feb 14, 2022.
             The game lasted 01:27:10 (18017 turns).

avis the Martial Artist (Octopode Transmuter)      Turns: 18017, Time: 01:27:13

HP:   -20/90 (104)  AC:  7    Str: 17    XL:     12   Next: 41%
MP:   15/18         EV: 13    Int: 19    God:    Gozag
Gold: 643           SH:  0    Dex: 18    Spells: 4/19 levels left

rFire   x . .      SeeInvis .     - Unarmed
rCold   + + +      Faith    .   (shield currently unavailable)
rNeg    . . .      Spirit   .   (helmet currently unavailable)
rPois   +          Reflect  .   (no amulet)
rElec   .          Harm     .   d - +6 ring of strength
rCorr   +          Rampage  .   s - ring of wizardry
Will    .....                   R - ring of resist corrosion
Stlth   +++.......              S - +6 ring of dexterity
HPRegen 0.25/turn               (no ring)
MPRegen 0.16/turn               (no ring)
                                (no ring)
                                (no ring)

@: ice-form, heavily drained
A: freezing attack, boosted hp, almost no armour, amphibious, 8 rings, large,
(camouflage 1), (gelatinous body 1), (nimble swimmer 1), (tentacles)
a: End Transformation, Renounce Religion, Potion Petition, Call Merchant, Bribe
Branch


You were on level 2 of the Lair of Beasts.
You worshipped Gozag.
Gozag was pleased with you.
You were a creature of crystalline ice.
You visited 3 branches of the dungeon, and saw 12 of its levels.

You collected 1885 gold pieces.
You spent 1069 gold pieces at shops.
You paid 173 gold pieces to Gozag.

Inventory:

Hand Weapons
 a - a +0 eveningstar
 t - the +9 whip of Seoqip (melded) {vorpal, rElec Dex+2}
   (You found it on level 2 of the Lair of Beasts)

   It inflicts extra damage upon your enemies.
   Dex:       It affects your dexterity (+2).
   rElec:     It insulates you from electricity.
Missiles
 k - a throwing net
 r - 2 curare-tipped darts
 F - 12 poisoned darts
Armour
 p - a +0 buckler (melded)
Jewellery
 d - a +6 ring of strength (left front paw)
 s - a ring of wizardry (right front paw)
 R - a ring of resist corrosion (on tentacle)
 S - a +6 ring of dexterity (on tentacle)
Wands
 c - a wand of mindburst (12)
 h - a wand of digging (5)
 y - a wand of charming (6)
 G - a wand of flame (4)
 M - a wand of acid (13)
Scrolls
 i - 3 scrolls of magic mapping {unknown}
 l - 2 scrolls of enchant armour {unknown}
 m - 3 scrolls of teleportation
 n - 2 scrolls of holy word
 o - 2 scrolls of blinking {unknown}
 x - 4 scrolls of silence {unknown}
 C - a scroll of summoning {unknown}
 D - a scroll of fear {unknown}
 E - 2 scrolls of amnesia {unknown}
 I - a scroll of fog {unknown}
 Q - a scroll of brand weapon {unknown}
Potions
 g - 3 potions of haste
 j - 2 potions of flight
 v - 6 potions of curing
 z - 3 potions of magic
 A - a potion of ambrosia
 B - 2 potions of brilliance
 P - a potion of lignification
 T - 2 potions of might


   Skills:
 - Level 10.0 Fighting
 - Level 7.0 Dodging
 - Level 5.0 Stealth
 - Level 4.0 Shields
 - Level 13.0 Unarmed Combat
 - Level 4.0 Spellcasting
 * Level 6.2 Transmutations
 - Level 4.0 Ice Magic
 - Level 2.0 Poison Magic


You had 4 spell levels left.
You knew the following spells:

 Your Spells              Type           Power      Damage    Failure   Level
a - Beastly Appendage     Tmut           54%        N/A       1%          1
p - Spider Form           Tmut/Pois      19%        N/A       3%          3
q - Ice Form              Ice/Tmut       23%        N/A       7%          4
D - Dragon Form           Tmut           13%        N/A       96%         7

Your spell library contained the following spells:

 Spells                   Type           Power      Damage    Failure   Level
 Wereblood                Tmut           27%        N/A       1%          2
 Ensorcelled Hibernation  Hex/Ice        22%        N/A       3%          2
 Magic Dart               Conj           12%        1d3       6%          1
 Call Imp                 Summ           3%         N/A       9%          2
 Mephitic Cloud           Conj/Pois/Air  6%         N/A       13%         3
 Call Canine Familiar     Summ           3%         N/A       16%         3
 Portal Projectile        Hex/Tloc       6%         N/A       16%         3
 Tukima's Dance           Hex            3%         N/A       16%         3
 Anguish                  Hex/Necr       1%         N/A       45%         4
 Cause Fear               Hex            1%         N/A       45%         4
 Leda's Liquefaction      Hex/Erth       1%         N/A       45%         4
 Enfeeble                 Hex            1%         N/A       100%        7
 Dragon's Call            Summ           1%         N/A       100%        9


Dungeon Overview and Level Annotations

Branches:
Dungeon (8/15)             Temple (1/1) D:5            Lair (3/6) D:8
  Swamp: Lair:2-4    Shoals: Lair:2-4     Snake: Lair:2-4    Spider: Lair:2-4

Altars:
Ashenzari
Cheibriados
Dithmenos
Elyvilon
Fedhas
Gozag
Hepliaklqana
Kikubaaqudgha
Makhleb
Nemelex Xobeh
Okawaru
Qazlal
Ru
Sif Muna
Trog
Uskayaw
Vehumet
Wu Jian
Xom
Yredelemnul
Zin
The Shining One

Shops:
D:2 *   D:6 *   D:8 *[[:

Annotations:
Lair:2 1 runed translucent door, Rupert; lake5's ghost, journeyman MiBe


Innate Abilities, Weirdness & Mutations

You are a creature of crystalline ice.
You have a powerful freezing melee attack.
Your maximum health is increased.
Your armour is entirely melded.
You are incapable of wielding weapons or throwing items.
You cannot wear most types of armour.
You are amphibious.
You can wear up to eight rings at the same time.
((Your skin changes colour to match your surroundings (Stealth+).))
((Your rubbery body absorbs attacks. (AC +1, EV +1)))
((You are camouflaged when in or above water. (Stealth+)))
((You have tentacles for arms and can constrict up to eight enemies at once.))


Message History

Rupert resists with almost no effort.
Rupert roars madly and goes into a rage!
Rupert goes berserk!
The cane toad is distracted by your dazzling golden aura.
Aiming: Corrosive Bolt
Press: ? - help, Shift-Dir - straight line, f/p - Rupert
Aim: Rupert, wielding a +3 executioner's axe of draining, wearing a +0 ring mail and quivering stones (berserk, 75% to hit)
The bolt of acid hits Rupert!
Rupert is lightly wounded.
The bolt of acid misses the cane toad.
The cane toad gives a loud, deep croak!
The cane toad is no longer distracted by gold.
The blink frog blinks!
Aiming: Corrosive Bolt
Press: ? - help, Shift-Dir - straight line, p - Rupert The bolt of acid hits Rupert!!
The acid corrodes Rupert!
Rupert is lightly wounded.
The bolt of acid hits the cane toad!
The cane toad is moderately wounded.
The blink frog blinks!
Rupert hits you with a +3 executioner's axe of draining!!
You feel drained.
Rupert hits you with a +3 executioner's axe of draining.
You feel drained. The cane toad barely misses you.
The blink frog blinks!
You climb upwards.
Level annotation: 1 runed translucent door, lake5's ghost, journeyman MiBe
There is a stone staircase leading down here.
You punch Rupert! You freeze Rupert.
Rupert is moderately wounded.
Rupert hits you with a +3 executioner's axe of draining!
You feel drained.
You hit Rupert. You freeze Rupert.
Rupert is moderately wounded.
Rupert hits you with a +3 executioner's axe of draining!!!
* * * LOW HITPOINT WARNING * * *
You feel drained.
* * * LOW HITPOINT WARNING * * *
Rupert hits you with a +3 executioner's axe of draining!!
You die...
Your body crumbles into a pile of gold.

..#P.....#......#......)...#P....
..##....................P........
..##......#.##.#.#...............
.........PP...###..........P.....
.......................###.##....
#.##.............................
.#...............................
.................................
................Y................
................@................
.................................
####.............................
###.......#.#.#.......P#######..
##P#......#.###........#######...
.......................#.........
.#.#......#............##....P#..
.#.......#.....#.................


You could see Rupert (berserk, corroded).

Vanquished Creatures
  Fannar (Lair:3)
  A two-headed ogre (D:8)
  Pikel (D:6)
  11 elephants
  2 black mambas (Lair:3)
  6 cane toads
  A komodo dragon (Lair:1)
  5 polar bears
  A troll (D:8)
  Prince Ribbit (D:7)
  12 blink frogs
  Sigmund (D:3)
  A wyvern (Lair:2)
  A steam dragon (D:8)
  Menkaure (D:7)
  Duvessa (D:5)
  8 water moccasins
  2 black bears
  An ice beast (D:6)
  7 ogres
  2 wolves
  A sky beast (D:6)
  A necrophage (D:6)
  2 centaurs
  10 bullfrogs
  2 kobold brigands
  2 scorpions
  2 wyvern zombies
  A water moccasin zombie (D:5)
  Dowan (D:5)
  2 electric eels (D:8)
  3 wights
  A howler monkey (D:8)
  2 hounds (D:8)
  An orc priest (D:5)
  A centaur skeleton (D:6)
  A jelly (D:6)
  A gnoll shaman (D:8)
  A bullfrog skeleton (D:7)
  Jessica (D:3)
  4 hell rats (Lair:2)
  6 iguanas
  Ijyb (D:5)
  3 orc wizards
  A scorpion zombie (D:5)
  A killer bee zombie (D:8)
  A howler monkey zombie (D:7)
  Robin (D:2)
  15 gnolls
  4 adders
  2 shadow imps
  5 worms
  A dart slug (D:4)
  24 orcs
  9 ball pythons
  7 bats
  8 endoplasms
  5 giant cockroaches
  8 hobgoblins
  2 quokkas (D:2)
  4 frilled lizards
  16 goblins
  18 kobolds
  4 rats
  2 butterflies (Lair:1)
255 creatures vanquished.

Vanquished Creatures (others)
  19 fungi
  30 plants
49 creatures vanquished.

Grand Total: 304 creatures vanquished

Notes
Turn   | Place    | Note
-------+----------+-------------------------------------------
     0 | D:1      | avis the Octopode Transmuter began the quest for the Orb.
     0 | D:1      | Reached XP level 1. HP: 13/13 MP: 3/3
   247 | D:1      | Reached XP level 2. HP: 19/19 MP: 3/5
  1411 | D:2      | Found Riasku's General Store.
  1575 | D:2      | Reached XP level 3. HP: 25/25 MP: 6/6
  1579 | D:2      | Learned a level 3 spell: Spider Form
  1640 | D:2      | Reached skill level 1 in Stealth
  1649 | D:2      | Reached XP level 4. HP: 23/31 MP: 7/7
  1857 | D:2      | Found a faded altar of an unknown god.
  2284 | D:2      | Noticed Robin
  2292 | D:2      | Killed Robin
  2552 | D:2      | Identified the +1 leather armour of Uskayaw's Indignation
                  | {Rampage}
  2702 | D:3      | Reached XP level 5. HP: 37/37 MP: 4/8
  2892 | D:3      | Learned a level 4 spell: Ice Form
  3235 | D:3      | Reached XP level 6. HP: 42/43 MP: 8/10
  3279 | D:3      | Noticed Sigmund
  3291 | D:3      | Killed Sigmund
  3897 | D:3      | Noticed Jessica
  3902 | D:3      | Killed Jessica
  4152 | D:4      | Reached XP level 7. HP: 48/48 MP: 8/11
  4211 | D:4      | Reached skill level 1 in Ice Magic
  4986 | D:4      | Identified the +3 leather armour "Cebisayv" {Dex+4}
  5297 | D:5      | Entered Level 5 of the Dungeon
  5297 | D:5      | Found a staircase to the Ecumenical Temple.
  5323 | Temple   | Entered the Ecumenical Temple
  6148 | Temple   | Became a worshipper of Gozag Ym Sagoz the Greedy
  6526 | D:5      | Noticed Duvessa
  6527 | D:5      | Noticed Dowan
  6542 | D:5      | Killed Duvessa
  6543 | D:5      | Reached XP level 8. HP: 38/54 MP: 10/12
  6740 | D:5      | Killed Dowan
  6741 | D:5      | Reached skill level 5 in Fighting
  7108 | D:5      | Noticed Ijyb
  7122 | D:5      | Killed Ijyb
  7369 | D:5      | Identified the +1 helmet of the Black Moon {rElec Str+7
                  | Dex+4}
  7727 | D:5      | Reached skill level 4 in Unarmed Combat
  8169 | D:2      | Bought a scroll of enchant weapon for 90 gold pieces
  8169 | D:2      | Bought a potion of brilliance for 48 gold pieces
  8169 | D:2      | Bought a scroll of teleportation for 36 gold pieces
  8169 | D:2      | Bought a scroll of immolation for 42 gold pieces
  8268 | D:6      | Reached skill level 5 in Unarmed Combat
  8268 | D:6      | Found Calarro's Hallowed Reliquary.
  8314 | D:6      | Noticed an angel
  8720 | D:6      | Reached skill level 6 in Unarmed Combat
  9052 | D:6      | Reached skill level 7 in Unarmed Combat
  9052 | D:6      | Reached XP level 9. HP: 60/61 MP: 11/15
  9059 | D:6      | Reached skill level 1 in Shields
  9907 | D:7      | Noticed Pikel
  9923 | D:6      | Killed Pikel
  9924 | D:6      | Reached skill level 5 in Dodging
 10335 | D:7      | Noticed Prince Ribbit
 10347 | D:7      | Killed Prince Ribbit
 10568 | D:7      | Noticed Menkaure
 10580 | D:7      | Killed Menkaure
 10640 | D:7      | Reached skill level 8 in Unarmed Combat
 10966 | D:7      | Reached XP level 10. HP: 58/68 MP: 12/16
 10968 | D:7      | Found a sparkling altar of Nemelex Xobeh.
 11401 | D:6      | Bought a scroll of holy word for 75 gold pieces
 11401 | D:6      | Bought a potion of heal wounds for 50 gold pieces
 11401 | D:6      | Bought a potion of heal wounds for 50 gold pieces
 11401 | D:6      | Bought a potion of heal wounds for 50 gold pieces
 11401 | D:6      | Bought a potion of curing for 30 gold pieces
 11887 | D:8      | Found a staircase to the Lair.
 11892 | D:8      | Reached skill level 9 in Unarmed Combat
 12190 | D:8      | Found Mualiu's Antique Armour Shop.
 12194 | D:8      | Found Udairch's Book Shop.
 12194 | D:8      | Found Nabaogg's Assorted Antiques.
 12199 | D:8      | Found Goimiu's Antique Armour Shop.
 12248 | D:8      | Reached skill level 5 in Stealth
 12354 | D:8      | Noticed a two-headed ogre
 12370 | D:8      | Killed a two-headed ogre
 12375 | D:8      | Reached skill level 10 in Unarmed Combat
 13194 | Lair:1   | Entered Level 1 of the Lair of Beasts
 13539 | Lair:1   | Reached skill level 11 in Unarmed Combat
 13548 | Lair:1   | Noticed an elephant
 13549 | Lair:1   | Noticed an elephant
 13550 | Lair:1   | Noticed an elephant
 13551 | Lair:1   | Noticed an elephant
 13568 | Lair:1   | Killed an elephant
 13570 | Lair:1   | Killed an elephant
 13571 | Lair:1   | Reached XP level 11. HP: 68/75 MP: 15/17
 13864 | Lair:1   | HP: 1/92 [blink frog (12)]
 13876 | Lair:1   | Reached skill level 12 in Unarmed Combat
 15175 | Lair:2   | Reached skill level 13 in Unarmed Combat
 15665 | Lair:2   | Found a runed translucent door.
 16172 | Lair:2   | Reached skill level 10 in Fighting
 16172 | Lair:2   | Reached XP level 12. HP: 48/87 MP: 18/18
 16446 | Lair:2   | Identified the +9 whip of Seoqip {vorpal, rElec Dex+2}
 16699 | Lair:2   | Noticed lake5's ghost (journeyman MiBe)
 16928 | D:8      | Bought a book of the Dragon for 598 gold pieces
 16936 | D:8      | Learned a level 7 spell: Dragon Form
 17292 | Lair:3   | Noticed Fannar
 17311 | Lair:3   | Killed Fannar
 17377 | Lair:3   | Reached skill level 5 in Transmutations
 18004 | Lair:3   | Noticed Rupert
 18017 | Lair:2   | Demolished by Rupert

Illustrated notes

Levels and vault maps discovered:
D:1:      evilmike_arrival_plus, layout_loops_cross
D:2:      layout_loops_ring, serial_shops, nicolae_shop_behind_doors,
          dreamdust_ecumenical_altar_angels_and_demons,
          wander_ebering_terrifying_dragon_lair, uniq_robin
D:3:      layout_basic, minmay_fractal_squares_5, uniq_jessica, uniq_sigmund
D:4:      layout_basic
D:5:      layout_basic, minmay_temple_entry_glass, grunt_decor_cap, uniq_ijyb,
          uniq_duvessa
D:6:      layout_loops_ring, kennysheep_path_1, nicolae_good_shop
D:7:      layout_cave_pods, nemelex_dance_club_becter, uniq_prince_ribbit1,
          uniq_menkaure, uniq_pikel
D:8:      layout_loops_corners, erik_lair_island, minmay_shop_grid_forest,
          feat_on_display
Temple:   nicolae_temple_the_god_donut
Lair:1:   layout_regular_city, chequers_serial_rivers_micro_d,
          cheibrodos_lair_lostbears, lemuel_fruit_fields
Lair:2:   layout_regular_city, ebering_ghost_inner_flame, beast_lair_carwin_2
Lair:3:   layout_loops_ring, swamp_mist, eino_small_chamber_without_monster,
          grunt_megastairs_2, uniq_fannar, uniq_rupert

Skill      XL: |  1  2  3  4  5  6  7  8  9 10 11 12 |
---------------+-------------------------------------+-----
Fighting       | 2 3 4 5 6 7 10 | 10.0
Stealth        | 2 3 4 5 |  5.0
Dodging        | 3 5 7 |  7.0
Transmutations | 3 4 6 |  6.2
Spellcasting   | 3 4 |  4.0
Poison Magic   | 2 |  2.0
Ice Magic      | 4 |  4.0
Unarmed Combat | 7 8 11 13 | 13.0
Shields        | 4 |  4.0

Action                   |  1- 3 |  4- 6 |  7- 9 | 10-12 || total
-------------------------+-------+-------+-------+-------++-------
Melee: Unarmed           |    18 |    51 |   211 |   302 ||   582
       Kick              |     8 |     2 |       |       ||    10
       Constrict         |     6 |     5 |       |       ||    11
       Tentacles         |     3 |     2 |       |       ||     5
       Short sword       |     4 |    16 |     7 |       ||    27
 Fire: Hunting sling     |    41 |    70 |    43 |       ||   154
 Cast: Beastly Appendage |    16 |     1 |     1 |       ||    18
       Spider Form       |       |    14 |    19 |     3 ||    36
       Ice Form          |       |       |    26 |    47 ||    73
Invok: Potion Petition   |       |       |       |     1 ||     1
 Abil: End Transformatio |       |       |       |     3 ||     3
Evoke: Wand              |       |       |       |     3 ||     3
  Use: Scroll            |       |       |     9 |     3 ||    12
       Potion            |       |       |       |     5 ||     5
 Stab: Sleeping          |     4 |     1 |     7 |     6 ||    18
       Distracted        |     1 |       |       |     3 ||     4
Armor: Skin              |     1 |     7 |    21 |    67 ||    96
Dodge: Dodged            |     6 |    57 |   105 |   158 ||   326
